 Dungeon Crawl Stone Soup version 0.31-a0-1091-g283494c966 (webtiles) character file.

Game seed: 6380174468704577207

108 night the Shooter (level 4, -6/28 HPs)
             Began as a Gargoyle Hunter on Nov 28, 2023.
             Killed by divine providence
             ... invoked by an orc priest
              (11 damage)
             ... on level 3 of the Dungeon.
             The game lasted 00:03:13 (1525 turns).

night the Shooter (Gargoyle Hunter)                 Turns: 1525, Time: 00:03:14

Health: -6/28      AC:  7    Str: 14    XL:     4   Next: 87%
Magic:  4/4        EV: 17    Int: 10    God:
Gold:   91         SH:  0    Dex: 15    Spells: 3/3 levels left

rFire   . . .        a - +0 shortbow
rCold   . . .        (shield currently unavailable)
rNeg    + . .        c - +1 leather armour
rPois   ∞            (no helmet)
rElec   +            (no cloak)
rCorr   .            (no gloves)
SInv    .            (no boots)
Will    .....        (no amulet)
Stlth   ++           h - +5 ring of evasion
HPRegen 0.24/turn    (no ring)
MPRegen 0.09/turn

%: no passive effects
@: attractive
A: sickness immunity, AC +3, negative energy resistance 1, electricity
resistance, torment resistance 1, petrification resistance
a: no special abilities


You were on level 3 of the Dungeon.
You visited 1 branch of the dungeon, and saw 4 of its levels.

You collected 91 gold pieces.

Inventory:

Hand Weapons
 a - a +0 shortbow (weapon)
 j - a +1 dagger of protection
Missiles
 d - 8 stones
Armour
 c - a +1 leather armour (worn)
Jewellery
 g - a ring of protection from fire
 h - a +5 ring of evasion (left hand)
Scrolls
 b - a scroll of butterflies
 k - a scroll of fog {unknown}
 l - a scroll of identify {unknown}
Potions
 e - a potion of curing {unknown}
 f - a potion of haste {unknown}
 m - a potion of attraction


   Skills:
 + Level 3.0 Fighting
 * Level 4.9 Ranged Weapons
 + Level 2.2 Dodging
 + Level 2.4 Stealth


You had 3 spell levels left.
You didn't know any spells.
Your spell library was empty.

Dungeon Overview and Level Annotations

Branches:
Dungeon (4/15)
 Temple: D:4-7

Altars:


Innate Abilities, Weirdness & Mutations

You are immune to sickness and miasma.
Your stone body is resilient. (AC +3)
You are immune to poison.
You resist negative energy. (rN+)
You are resistant to electric shocks. (rElec)
You are resistant to unholy torment.
You are immune to petrification.


Message History

An orc priest comes into view. It is wielding a +0 mace.
An adder comes into view.
The orc priest mumbles some strange prayers to Beogh against you.
Beogh smites you!
The adder hisses angrily.
The orc priest looks satisfied for a moment.
You shoot an arrow. The arrow hits the adder!
The adder is severely wounded.
The adder barely misses you.
The orc priest invokes the aid of Beogh against you.
Pain shoots through your body!
You shoot an arrow. The arrow hits the adder.
The adder is almost dead.
The adder completely misses you.
You shoot an arrow. The arrow barely misses the adder.
The adder bites you but does no damage.
The orc priest casts a cantrip, but nothing happens.
The adder bites you but does no damage.
You shoot an arrow. The arrow barely misses the adder.
The adder closely misses you.
You shoot an arrow. The arrow hits the adder!
You kill the adder!
You aren't carrying any items that you can evoke.
You shoot an arrow. The arrow barely misses the orc priest.
The orc priest hits you with a +0 mace.
The orc priest looks encouraged for a moment.
You shoot an arrow. The arrow barely misses the orc priest.
The orc priest closely misses you.
The orc priest begins to cast a cantrip, but forgets the words!
You shoot an arrow.
The arrow closely misses the orc priest.
The orc priest hits you with a +0 mace.
The orc priest hits you with a +0 flail!
* * * LOW HITPOINT WARNING * * *
You are too injured to fight recklessly!
It was a potion of attraction.
You feel attractive to monsters.
The orc priest invokes the aid of Beogh against you.
Beogh smites you!
You die...

##### #...#
#...# #...#
###. #.$.##....
######.........
#@o..........>.
##o..#....####
#........#
#.#...[..#
...##.###..#
##$###... ...#
#. #####.#.# ##
..o. . .o.


You could see 2 orc priests.

Vanquished Creatures
  An orc wizard (D:2)
  A gnoll (D:1)
  2 adders
  A worm (D:2)
  2 orcs (D:2)
  5 bats
  3 endoplasms
  3 giant cockroaches
  5 goblins
  2 hobgoblins (D:2)
  6 jackals
  2 kobolds
  A quokka (D:2)
  6 ball pythons
  3 frilled lizards
  6 rats (D:1)
49 creatures vanquished.

Notes
Turn   | Place    | Note
-------+----------+-------------------------------------------
     0 | D:1      | night the Gargoyle Hunter began the quest for the Orb.
     0 | D:1      | Reached XP level 1. HP: 12/12 MP: 1/1
   111 | D:1      | Reached XP level 2. HP: 18/18 MP: 2/2
   360 | D:1      | Reached XP level 3. HP: 22/22 MP: 3/3
   620 | D:1      | Reached skill level 2 in Dodging
  1058 | D:2      | Reached skill level 2 in Stealth
  1079 | D:2      | Reached XP level 4. HP: 27/27 MP: 4/4
  1476 | D:2      | You fall into a shaft and drop 2 floors!
  1524 | D:3      | HP: 4/28 [orc priest/+0 flail (8)]
  1525 | D:3      | Killed from afar by an orc priest

Illustrated notes

Levels and vault maps discovered:
D:1:      dpeg_arrival_fog, layout_basic
D:2:      layout_basic, palyth_stone_intersect
D:3:      layout_rooms, eat_drink_and_be_merry_uskayaw, uniq_grinder
D:4:      layout_gridville, minmay_temple_entry_sparse_star,
          gammafunk_ghost_mausoleum, roderic_three_in_a_row,
          sigmund_edmund_badplayer, uniq_eustachio

Skill      XL: |  1  2  3  4 |
---------------+-------------+-----
Dodging        | 2 |  2.2
Stealth        | 2 |  2.4
Fighting       | 3 |  3.0
Ranged Weapons | |  4.9

Action                     |  1- 3 |  4- 6 || total
---------------------------+-------+-------++-------
   Fire: Shortbow          |    99 |    55 ||   154
    Use: Scroll            |     1 |     2 ||     3
         Potion            |       |     1 ||     1
 Armour: Leather armour    |    32 |    13 ||    45
  Dodge: Dodged            |    33 |    14 ||    47

Table legend: (Time is in decaauts)
 A = Elapsed time spent in this place.
 B = Non-inter-level travel time spent in this place.
 C = Inter-level travel time spent in this place.
 D = Time resting spent in this place.
 E = Time spent auto-exploring this place.
 F = Levels seen in this place.
 G = Mean time per level.
                   A        B        C        D        E       F      G
               +--------+--------+--------+--------+--------+-----+--------+
         Total |   1557 |   1520 |     37 |      0 |   1200 |   4 |  389.2 |
       Dungeon |   1557 |   1520 |     37 |      0 |   1200 |   4 |  389.2 |
               +--------+--------+--------+--------+--------+-----+--------+

Top non-repeatable levels by time:
     D:1: 998 daAuts
     D:2: 507 daAuts
     D:3: 28 daAuts
     D:4: 22 daAuts
